 Dungeon Crawl Stone Soup version 0.20.1-1-g8b1a95d (webtiles) character file.

658 haapaneitty the Cudgeler (level 7, 0/44 HPs)
             Began as a Gargoyle Berserker on July 14, 2017.
             Was a Priest of Trog.
             Killed by divine providence
             ... invoked by an orc priest
              (10 damage)
             ... on level 4 of the Dungeon.
             The game lasted 00:29:57 (4524 turns).

haapaneitty the Cudgeler (Gargoyle Berserker)       Turns: 4524, Time: 00:29:57

Health: 0/44       AC: 11    Str: 22    XL:     7   Next: 55%
Magic:  7/7        EV: 11    Int:  8    God:    Trog [***...]
Gold:   236        SH:  0    Dex:  9    Spells: 6/6 levels left

rFire    . . .     SeeInvis .   A - +0 mace (holy)
rCold    . . .     Gourm    .   (no shield)
rNeg     + . .     Faith    .   t - +0 ring mail
rPois    ∞         Spirit   .   (no helmet)
rElec    +         Reflect  .   z - +0 cloak
rCorr    .         Harm     .   (no gloves)
MR       ++...                  (no boots)
Stlth    ..........             (no amulet)
Regen    1.2/turn               (no ring)
MPRegen  0.1/turn               (no ring)

@: berserk cooldown, regenerating, slowed, very slow
A: negative energy resistance 1, electricity resistance, unbreathing,
petrification resistance, rot immunity, AC +4
a: Berserk, Trog's Hand, Burn Spellbooks, Renounce Religion


You were on level 4 of the Dungeon.
You worshipped Trog.
Trog was most pleased with you.
You were near starving.

You visited 1 branch of the dungeon, and saw 4 of its levels.
You also visited: Sewer.

You collected 236 gold pieces.

Inventory:

Hand Weapons
 A - a +0 mace of holy wrath (weapon)
Missiles
 b - 81 stones
 d - 8 javelins of returning (quivered)
 e - 2 needles of confusion
 E - 19 poisoned needles
Armour
 t - a +0 ring mail (worn)
 z - a +0 cloak (worn)
Jewellery
 j - an uncursed ring of ice
Wands
 x - a wand of digging (12/24)
Scrolls
 a - a scroll of immolation {unknown}
 f - 2 scrolls of enchant armour {unknown}
 h - 2 scrolls of enchant weapon {unknown}
 k - a scroll of teleportation {unknown}
 n - 4 scrolls of identify {unknown}
 o - 2 scrolls of fear {unknown}
 q - a scroll of random uselessness {unknown}
 r - a scroll of magic mapping {unknown}
 w - 2 scrolls of remove curse {unknown}
 y - a scroll of recharging {unknown}
Potions
 i - 4 potions of curing {unknown}
 l - a potion of degeneration {unknown}
 m - a potion of agility {unknown}
 u - 5 potions of heal wounds {unknown}
 v - 2 potions of brilliance {unknown}
 B - a potion of flight {unknown}
 D - a potion of magic {unknown}
Comestibles
 c - 4 bread rations
 g - 3 fruits
 p - a royal jelly
 s - a meat ration
 C - 5 chunks of flesh


   Skills:
 * Level 4.9 Fighting
 * Level 6.0 Maces & Flails
 + Level 1.8 Throwing
 * Level 4.1 Armour
 + Level 2.7 Dodging
 - Level 0.2 Stealth


You had 6 spell levels left.
You didn't know any spells.

Dungeon Overview and Level Annotations

Branches:
Dungeon (4/15)             Temple (0/1) D:4

Altars:
Hepliaklqana
Makhleb
Uskayaw
Zin


Innate Abilities, Weirdness & Mutations

You are resistant to torment.
Your stone body is resilient. (AC +4)
You are immune to poison.
You resist negative energy. (rN+)
You are resistant to electric shocks. (rElec)
You can survive without breathing.
You are immune to petrification.
You are immune to rotting.


Message History

The orc priest calls down the wrath of Beogh upon you.
Beogh smites you!
* * * LOW HITPOINT WARNING * * *
Something hits you but does no damage.
The orc priest hits you but does no damage.
A red film seems to cover your vision as you go berserk!
You feel yourself moving faster!
You feel mighty!
You are near starving!
Something barely misses you.
The orc priest calls down the wrath of Beogh upon you.
Beogh smites you!
* * * LOW HITPOINT WARNING * * *
You feel a strong urge to attack something.
You feel your anger subside.
You are no longer berserk.
You are exhausted.
You feel yourself slow down.
The orc priest mumbles some strange prayers to Beogh against you.
Beogh smites you!
You die...

######...###..## #.........#
#.........# #....<....# ###+#
#...####'## ......###### .....
##+####...###........... .....
............#........... .....
............# .....o.... .....
........@...# ...o...
.....##########'##..# ...o
.................#.{#####o#######
.................#.o.o.o........#
.................#..............#
#####............#..............#
#...#............#...####'#######
'...'............#...#......#
#...#............#...#......#


You could see an orc priest.

Vanquished Creatures
  A phantom (D:4)
  A centaur (D:3)
  2 big kobolds (Sewer)
  A bullfrog skeleton (D:3)
  Crazy Yiuf (D:3)
  A worker ant (D:4)
  8 adders
  5 gnolls
  3 river rats (D:4)
  An ooze (Sewer)
  5 worms
  4 dart slugs
  2 leopard geckos
  3 orcs
  3 ball pythons
  5 giant cockroaches
  13 goblins
  8 hobgoblins
  4 jackals (D:2)
  19 kobolds
  4 quokkas
  5 bats
  3 frilled lizards
  9 rats
  5 fungi (D:3)
116 creatures vanquished.

Vanquished Creatures (others)
  2 plants (D:3)
2 creatures vanquished.

Grand Total: 118 creatures vanquished

Notes
Turn   | Place    | Note
-------+----------+-------------------------------------------
     0 | D:1      | haapaneitty the Gargoyle Berserker began the quest for the Orb.
     0 | D:1      | Reached XP level 1. HP: 14/14 MP: 1/1
   185 | D:1      | Reached XP level 2. HP: 19/19 MP: 2/2
   630 | D:1      | Reached XP level 3. HP: 22/23 MP: 3/3
  1056 | D:2      | Reached XP level 4. HP: 23/29 MP: 4/4
  1069 | D:2      | Reached ** piety under Trog
  1762 | D:2      | Reached skill level 4 in Maces & Flails
  2016 | D:2      | Found a glowing silver altar of Zin.
  2051 | D:2      | Found a hide-covered altar of Uskayaw.
  2079 | D:2      | Found a hazy altar of Hepliaklqana.
  2096 | D:2      | Found a burning altar of Makhleb.
  2307 | D:3      | Noticed a centaur
  2334 | D:3      | Killed a centaur
  2334 | D:3      | Reached XP level 5. HP: 14/33 MP: 5/5
  2940 | D:3      | Reached XP level 6. HP: 38/38 MP: 6/6
  3057 | D:3      | Reached skill level 1 in Throwing
  3293 | D:3      | Reached skill level 5 in Maces & Flails
  3413 | D:3      | Found a runed door.
  3417 | D:3      | Noticed Crazy Yiuf
  3423 | D:3      | Killed Crazy Yiuf
  3472 | D:4      | Noticed a phantom
  3482 | D:4      | Killed a phantom
  3563 | D:4      | Found a staircase to the Ecumenical Temple.
  3845 | D:4      | Reached *** piety under Trog
  3927 | D:4      | Reached XP level 7. HP: 44/44 MP: 7/7
  3967 | D:4      | Found a glowing drain.
  3975 | Sewer    | Entered a sewer
  4237 | Sewer    | Received a gift from Trog
  4260 | Sewer    | Reached skill level 6 in Maces & Flails
  4524 | D:4      | Killed from afar by an orc priest

Skill      XL: |  1  2  3  4  5  6  7 |
---------------+----------------------+-----
Dodging        | 2 |  2.7
Fighting       | 4 |  4.9
Maces & Flails | 4 5 6 |  6.0
Throwing       | 1 |  1.8
Armour         | 3 4 |  4.1
Stealth        | |  0.2

Action                   |  1- 3 |  4- 6 |  7- 9 || total
-------------------------+-------+-------+-------++-------
Melee: Mace              |    87 |   283 |   101 ||   471
Throw: Stone             |    13 |    84 |    26 ||   123
       Javelin           |       |       |     7 ||     7
Invok: Trog's Hand       |       |     3 |     1 ||     4
       Berserk           |       |     3 |     1 ||     4
  Eat: Chunk             |     1 |    13 |     2 ||    16
Armor: Animal skin       |     4 |       |       ||     4
       Robe              |    35 |    30 |       ||    65
       Ring mail         |       |    85 |    38 ||   123
Dodge: Dodged            |    76 |   143 |    48 ||   267
